 Dungeon Crawl Stone Soup version 0.22-a0-469-gf26638a71f (webtiles) character file.

235 Kriby the Skirmisher (level 6, 0/48 HPs)
             Began as a Human Abyssal Knight on June 12, 2018.
             Was a Believer of Lugonu.
             Splashed by a jelly's acid (9 damage)
             ... on level 2 of the Dungeon.
             The game lasted 00:02:29 (2266 turns).

Kriby the Skirmisher (Human Abyssal Knight)         Turns: 2266, Time: 00:02:30

Health: 0/48       AC: -1    Str: 14    XL:     6   Next: 27%
Magic:  8/8        EV:  9    Int: 13    God:    Lugonu [**....]
Gold:   57         SH:  4    Dex: 17    Spells: 5/5 levels left

rFire    . . .     SeeInvis .   a - +1 hand axe
rCold    . . .     Gourm    .   p - +0 buckler
rNeg     . . .     Faith    .   k - +0 scale mail
rPois    .         Spirit   .   n - +0 helmet
rElec    .         Reflect  .   i - +1 cloak
rCorr    .         Harm     .   (no gloves)
MR       +....                  (no boots)
Stlth    ..........             (no amulet)
HPRegen  0.16/turn              m - ring of protection from magic
MPRegen  0.11/turn              g - +5 ring of dexterity

@: corroded
A: no striking features
a: Depart the Abyss, Bend Space, Renounce Religion


You were on level 2 of the Dungeon.
You worshipped Lugonu.
Lugonu was pleased with you.
You were near starving.

You visited 1 branch of the dungeon, and saw 2 of its levels.
You visited the Abyss 1 time.

You collected 57 gold pieces.

Inventory:

Hand Weapons
 a - a +1 hand axe (weapon)
Missiles
 r - a throwing net (quivered)
Armour
 b - a +0 leather armour
 i - a +1 cloak (worn)
 k - a +0 scale mail (worn)
 n - a +0 helmet (worn)
 p - a +0 buckler (worn)
Jewellery
 g - a +5 ring of dexterity (right hand)
 m - a ring of protection from magic (left hand)
Scrolls
 d - 3 scrolls of teleportation {unknown}
 h - 2 scrolls of fog {unknown}
 j - a scroll of fear {unknown}
 o - 4 scrolls of identify {unknown}
 s - a scroll of magic mapping {unknown}
Potions
 e - 3 potions of heal wounds {unknown}
 f - a potion of flight {unknown}
 l - a potion of lignification {unknown}
 t - a potion of brilliance {unknown}
Comestibles
 c - 5 rations {@e1}


   Skills:
 + Level 3.8 Fighting
 * Level 3.6 Axes
 + Level 3.0 Armour
 + Level 2.3 Dodging
 + Level 0.9 Shields
 + Level 3.2 Invocations


You had 5 spell levels left.
You didn't know any spells.
Your spell library was empty.

Dungeon Overview and Level Annotations

Branches:
Dungeon (2/15)

Altars:
Elyvilon
Qazlal


Message History

You hit the jelly. The acid corrodes you!
Your hands burn!
The jelly is moderately wounded.
The jelly hits you but does no damage.
Your shield and scale mail prevent you from hitting the jelly.
The jelly is moderately wounded.
The jelly hits you.
You are splashed with acid!
The acid burns!
You hit the jelly but do no damage.
Your hands burn!
The jelly is moderately wounded.
The jelly closely misses you.
You hit the jelly but do no damage.
Your hands burn!
The jelly is moderately wounded.
The jelly hits you. The acid corrodes you!
You are splashed with acid!
The acid burns!
You hit the jelly but do no damage.
Your hands burn!
* * * LOW HITPOINT WARNING * * *
The jelly is moderately wounded.
You block the jelly's attack. The jelly hits you.
* * * LOW HITPOINT WARNING * * *
You are splashed with acid!
The acid burns!
You die...

#................#
###############...
########### #...
#)....÷##(####### #...
#.P....#(#.#....####...
#......#(#.#....)##(...
#...P..#.#'#....)((.#.#
#..÷..J#.#....).).'...#
#P.÷.÷@#.#........'...#
#....÷.#.#.......##.#.#
#.÷÷P..'##......#####.#
#....÷.########## #.#
######## #.#
############# #.#
............# #.#
............###### #.#
#######..)........# #.#


You could see a jelly.

Vanquished Creatures
  An ice beast (D:2)
  2 jellies (D:2)
  6 oozes (D:2)
  3 worms (D:2)
  A leopard gecko (D:2)
  3 giant cockroaches
  6 goblins
  A hobgoblin (D:2)
  9 bats
  2 frilled lizards
  16 kobolds
  2 rats
52 creatures vanquished.

Vanquished Creatures (others)
  4 fungi (D:2)
  8 toadstools (D:2)
12 creatures vanquished.

Grand Total: 64 creatures vanquished

Notes
Turn   | Place    | Note
-------+----------+-------------------------------------------
     0 | Abyss:1  | Kriby the Human Abyssal Knight began the quest for the Orb.
     0 | Abyss:1  | Reached XP level 1. HP: 18/18 MP: 2/2
   117 | Abyss:1  | Noticed a large abomination
   150 | Abyss:1  | Noticed a smoke demon
   171 | D:1      | Escaped the Abyss
   214 | D:1      | Reached * piety under Lugonu
   487 | D:1      | Reached XP level 2. HP: 24/24 MP: 3/3
   926 | D:2      | Reached XP level 3. HP: 29/29 MP: 4/4
  1207 | D:2      | Noticed an ice beast
  1233 | D:2      | Killed an ice beast
  1233 | D:2      | Reached XP level 4. HP: 35/35 MP: 4/6
  1233 | D:2      | Reached XP level 5. HP: 41/41 MP: 4/7
  1270 | D:2      | Found a white marble altar of Elyvilon.
  1597 | D:2      | Found a stormy altar of Qazlal.
  1922 | D:2      | Reached ** piety under Lugonu
  2123 | D:2      | Reached XP level 6. HP: 48/48 MP: 8/8
  2266 | D:2      | Splashed by a jelly's acid

Vault maps used:
D:1:      roderic_dead_forest, serial_curves, eino_curves_01, eino_curves_03,
          feat_on_display
D:2:      cheibrodos_fertilizer, marbit_many_paths, minmay_misc_feat_pillars,
          nicolae_qazlal_eye_of_the_storm

Skill      XL: |  1  2  3  4  5  6 |
---------------+-------------------+-----
Axes           | 3 |  3.6
Dodging        | 2 |  2.3
Invocations    | 3 |  3.2
Armour         | 3 |  3.0
Fighting       | |  3.8
Shields        | |  0.9

Action                   |  1- 3 |  4- 6 || total
-------------------------+-------+-------++-------
Melee: Hand axe          |   104 |    93 ||   197
Invok: Depart the Abyss  |     1 |       ||     1
 Stab: Distracted        |       |     1 ||     1
  Eat: Chunk             |     1 |     2 ||     3
Armor: Leather armour    |    22 |       ||    22
       Scale mail        |    43 |    41 ||    84
Dodge: Dodged            |    75 |    45 ||   120
Block: Buckler           |       |    12 ||    12

Table legend:
 A = Spawn XP
 B = Non-spawn XP
 C = Spawn XP percentage of total XP
 D = Spawn monster count
 E = Non-spawn monster count
 F = Spawn count percentage of total count
 G = Total turns spent on level
                    A         B        C        D         E        F      G
               +---------+---------+-------+---------+---------+-------+---------
         Total |       0 |     337 |   0.0 |       0 |      52 |   0.0 |  2266
               +---------+---------+-------+---------+---------+-------+---------
           D:1 |       0 |      28 |   0.0 |       0 |      18 |   0.0 |   661
           D:2 |       0 |     309 |   0.0 |       0 |      34 |   0.0 |  1434
               +---------+---------+-------+---------+---------+-------+---------
